 Dungeon Crawl Stone Soup version 0.30-a0-210-g01b79a254e (webtiles) character file.

Game seed: 17790357252040873370

84 funkygono the Firebug (level 4, -6/24 HPs)
             Began as a Deep Elf Fire Elementalist on Oct 4, 2022.
             Blown up by Ijyb (17 damage)
             ... with a mindburst bolt
             ... on level 3 of the Dungeon.
             The game lasted 00:02:35 (1716 turns).

funkygono the Firebug (Deep Elf Fire Elementalist)  Turns: 1716, Time: 00:02:36

Health: -6/24      AC:  7    Str:  5    XL:     4   Next: 24%
Magic:  0/21       EV: 12    Int: 22    God:
Gold:   178        SH:  0    Dex: 15    Spells: 5/11 levels left

rFire   . . .      SeeInvis .    l - +1 dagger
rCold   . . .      Faith    .    (no shield)
rNeg    . . .      Spirit   .    a - +0 robe
rPois   .          Reflect  .    p - +0 helmet
rElec   .          Harm     .    (no cloak)
rCorr   .          Rampage  .    (no gloves)
Will    .....                    (no boots)
Stlth   ++........               (no amulet)
HPRegen 0.24/turn                g - +4 ring of protection
MPRegen 0.17/turn                j - ring of magical power

@: very slightly contaminated
A: no striking features
a: no special abilities


You were on level 3 of the Dungeon.
You visited 1 branch of the dungeon, and saw 3 of its levels.

You collected 178 gold pieces.

Inventory:

Hand Weapons
 l - a +1 dagger (weapon)
Armour
 a - a +0 robe (worn)
 p - a +0 helmet (worn)
Jewellery
 g - a +4 ring of protection (left hand)
 j - a ring of magical power (right hand)
 o - a +6 ring of strength
Potions
 b - a potion of magic
 d - 4 potions of curing
 f - 2 potions of berserk rage {unknown}
 h - 2 potions of degeneration {unknown}
 i - 2 potions of heal wounds {unknown}
 m - a potion of haste {unknown}


   Skills:
 + Level 2.6 Dodging
 - Level 2.4 Stealth
 + Level 4.2 Spellcasting
 + Level 2.4 Conjurations
 + Level 4.3 Fire Magic


You had 5 spell levels left.
You knew the following spells:

 Your Spells              Type           Power      Damage    Failure   Level
a - Foxfire               Conj/Fire      76%        2x1d7     2%          1
b - Scorch                Fire           46%        2d7       2%          2
c - Kindle Blastsparks    Fire/Tloc/Air  20%        2d11      19%         3

Your spell library contained the following spells:

 Spells                   Type           Power      Damage    Failure   Level
 Inner Flame              Hex/Fire       14%        N/A       14%         3
 Flame Wave               Conj/Fire      19%        2d7       26%         4


Dungeon Overview and Level Annotations

Branches:
Dungeon (3/15)

Altars:
Dithmenos
Qazlal

Shops:
D:1 (

Annotations:
D:3 Ijyb


Message History

The foxfire hits Ijyb but does no damage.
Ijyb is heavily wounded.
The foxfire hits Ijyb but does no damage.
Ijyb is heavily wounded.
Ijyb barely misses you.
Casting: Scorch (safe; 2% risk of failure)
Confirm with . or Enter, or press ? or * to list all spells.
You conjure some foxfire!
Ijyb is no longer more vulnerable to fire.
Ijyb closely misses you.
Casting: Foxfire (safe; 2% risk of failure)
Confirm with . or Enter, or press ? or * to list all spells.
You miscast Scorch.
You are very lightly contaminated with residual magic.
Nothing appears to happen.
The foxfire hits Ijyb but does no damage.
Ijyb is heavily wounded.
The foxfire hits Ijyb but does no damage.
Ijyb is heavily wounded.
Ijyb hits you but does no damage.
Casting: Scorch (safe; 2% risk of failure)
Confirm with . or Enter, or press ? or * to list all spells.
You conjure some foxfire!
Ijyb screams, "Die!"
Ijyb zaps a wand.
Your mind is blasted!
Casting: Foxfire (safe; 2% risk of failure)
Confirm with . or Enter, or press ? or * to list all spells.
Okay, then.
You barely miss Ijyb.
Ijyb is heavily wounded.
The foxfire hits Ijyb but does no damage.
Ijyb is heavily wounded.
The foxfire hits Ijyb.
Ijyb is severely wounded.
Ijyb barely misses you.
You hit Ijyb but do no damage.
Ijyb is severely wounded.
Ijyb zaps a wand.
Your mind is blasted!
Ouch! That really hurt!
You die...

#........
#.....#.
#####......
.........)###
>...........
..........#
##.....g..#
#......@<.#
#...§.)§.>..#
#.._......#.#
#.........#
..
..........# .
.........##
#.#.....##
#.#######


You could see Ijyb.

Vanquished Creatures
  Terence (D:3)
  Robin (D:2)
  An adder (D:2)
  An orc (D:3)
  4 ball pythons
  A bat (D:3)
  An endoplasm (D:1)
  A giant cockroach (D:2)
  9 goblins
  6 hobgoblins
  2 jackals (D:1)
  A quokka (D:1)
  A frilled lizard (D:2)
  A kobold (D:1)
  6 rats
37 creatures vanquished.

Vanquished Creatures (others)
  123 foxfires
123 creatures vanquished.

Grand Total: 160 creatures vanquished

Notes
Turn   | Place    | Note
-------+----------+-------------------------------------------
     0 | D:1      | funkygono the Deep Elf Fire Elementalist began the quest
                  | for the Orb.
     0 | D:1      | Reached XP level 1. HP: 10/10 MP: 6/6
   154 | D:1      | Found Qom Taebosch's Weapon Shoppe.
   527 | D:1      | Reached XP level 2. HP: 15/15 MP: 5/8
   533 | D:1      | Learned a level 2 spell: Scorch
  1272 | D:2      | Noticed Robin
  1273 | D:2      | Reached XP level 3. HP: 19/19 MP: 9/9
  1313 | D:2      | Killed Robin
  1451 | D:2      | Found a stormy altar of Qazlal.
  1556 | D:2      | Found a faded altar of an unknown god.
  1685 | D:2      | Learned a level 3 spell: Kindle Blastsparks
  1695 | D:3      | Noticed Terence
  1695 | D:3      | Found a shadowy altar of Dithmenos.
  1700 | D:3      | Killed Terence
  1701 | D:3      | Reached XP level 4. HP: 18/24 MP: 12/12
  1703 | D:3      | Noticed Ijyb
  1716 | D:3      | Blown up by Ijyb

Illustrated notes

Levels and vault maps discovered:
D:1:      saegor_arrival_miasma, layout_basic, serial_shops,
          nicolae_shop_hallway_plus, dk_noncrumbling_3
D:2:      layout_basic, ebering_ecumenical_altar_rust, basic_altar, uniq_robin
D:3:      layout_rooms, grunt_dithmenos_smoke, ebering_ghost_rock_garden,
          gup_sewer_entry_bowl, minmay_misc_feat_secret_circle,
          minmay_joined_circles, uniq_terence, uniq_ijyb

Skill      XL: |  1  2  3 |
---------------+----------+-----
Fire Magic     | 4 |  4.3
Conjurations   | 2 |  2.4
Spellcasting   | 4 |  4.2
Dodging        | |  2.6
Stealth        | |  2.4

Action                   |  1- 3 |  4- 6 || total
-------------------------+-------+-------++-------
Melee: Dagger            |       |     2 ||     2
 Cast: Foxfire           |    60 |    10 ||    70
       Scorch            |     8 |     2 ||    10
  Use: Scroll            |     4 |       ||     4
Armor: Robe              |    13 |     1 ||    14
Dodge: Dodged            |     8 |     4 ||    12

Table legend: (Time is in decaauts)
 A = Elapsed time spent in this place.
 B = Non-inter-level travel time spent in this place.
 C = Inter-level travel time spent in this place.
 D = Time resting spent in this place.
 E = Time spent auto-exploring this place.
 F = Levels seen in this place.
 G = Mean time per level.
                   A        B        C        D        E       F      G
               +--------+--------+--------+--------+--------+-----+--------+
         Total |   1713 |   1650 |     63 |    117 |   1276 |   3 |  571.0 |
       Dungeon |   1713 |   1650 |     63 |    117 |   1276 |   3 |  571.0 |
               +--------+--------+--------+--------+--------+-----+--------+

Top non-repeatable levels by time:
     D:1: 1120 daAuts
     D:2: 572 daAuts
     D:3: 20 daAuts
